 Dungeon Crawl Stone Soup version 0.18.1-50-g88ac8fd (webtiles) character file.

4927 magog001 the Ducker (level 10, -2/98 HPs)
             Began as a Troll Fighter on Apr 19, 2017.
             Slain by a ghost moth (6 damage)
             ... on level 2 of the Lair of Beasts.
             The game lasted 00:52:53 (7424 turns).

magog001 the Ducker (Troll Fighter)                 Turns: 7424, Time: 00:52:56

Health: -2/98      AC: 11    Str: 39 (41) XL:     10   Next: 27%
Magic:  0/9        EV: 11    Int:  6 (7)  God:
Gold:   468        SH: 11    Dex:  8 (9)  Spells: 0 memorised, 9 levels left

rFire  . . .     SeeInvis +     w - +7 flail of Xuageih {holy, rElec MR+ Int+3 SInv}
rCold  + . .     Gourm    +     d - +2 robe {MR+}
rNeg   . . .     Faith    .     c - +0 shield
rPois  .         Spirit   .     (helmet restricted)
rElec  +         Dismiss  .     (no cloak)
rCorr  .         Reflect  .     (gloves unavailable)
SustAt .         Harm     .     (boots unavailable)
MR     ++...     Clarity  +     (no amulet)
Stlth  +.........               r - +4 ring of protection
                                m - +5 ring of strength

@: mighty, lethally poisoned (-2 -> -67), very resistant to hostile
enchantments, very unstealthy
A: unfitting armour, claws 3, berserk 1, blurry vision 1, clarity, cold
resistance 1, fast metabolism 3, gourmand, regeneration 2, shaggy fur 1, strong
1, tough skin 2
a: no special abilities


You were on level 2 of the Lair of Beasts.
You were very full.

You visited 2 branches of the dungeon, and saw 10 of its levels.

You collected 468 gold pieces.

Inventory:

Hand Weapons
 w - the +7 flail of Xuageih (weapon) {holy, rElec MR+ Int+3 SInv}
   (You found it on level 7 of the Dungeon)

   It has been blessed by the Shining One to cause great damage to the undead
   and demons.
   It affects your intelligence (+3).
   It insulates you from electricity.
   It affects your resistance to hostile enchantments.
   It lets you see invisible.
Missiles
 g - 44 poisoned needles
 t - 4 needles of paralysis
 u - 21 tomahawks (quivered)
Armour
 c - a +0 shield (worn)
 d - a +2 robe of magic resistance (worn)
Jewellery
 m - a +5 ring of strength (left claw)
 r - a +4 ring of protection (right claw)
 s - an uncursed ring of fire {unknown}
Wands
 b - a wand of polymorph (4/24)
Scrolls
 h - a scroll of blinking
 i - 7 scrolls of identify
 k - 4 scrolls of remove curse
 l - 3 scrolls of noise
 n - a scroll of fear
 q - 3 scrolls of teleportation
 x - a scroll of magic mapping
Potions
 e - a potion of haste
 o - 3 potions of brilliance
 p - 2 potions of flight {unknown}
 v - a potion of might
 z - a potion of invisibility {unknown}
Comestibles
 f - 4 bread rations
 j - 3 meat rations
 A - a beef jerky
 B - 8 chunks of flesh


   Skills:
 * Level 5.9 Fighting
 * Level 6.7 Maces & Flails
 + Level 7.6 Dodging
 + Level 1.3 Stealth
 * Level 6.9 Shields
 + Level 0.4 Unarmed Combat


You had 9 spell levels left.
You didn't know any spells.

Dungeon Overview and Level Annotations

Branches:
Dungeon (8/15)             Temple (0/1) D:5            Lair (1/8) D:8

Altars:
Ashenzari
Cheibriados
Elyvilon
Fedhas
Okawaru
Qazlal
Sif Muna
The Shining One


Innate Abilities, Weirdness & Mutations

You are too large for most types of armour.
You have claws for hands.
Your metabolism is lightning-fast.
You like to eat raw meat.
You heal very quickly.
You are covered in fur (AC +1).
You have very tough skin (AC +2).
You tend to lose your temper in combat.
Scrolls take you a little longer to read.
You possess an exceptional clarity of mind.
Your flesh is cold resistant.
Your muscles are strong. (Str +2)


Message History

You feel weakened.
The ghost moth stings you but does no damage.
The crocodile closely misses you.
Drink which item? (? for menu, Esc to quit)
You feel very mighty all of a sudden.
You feel extremely sick. The ghost moth stares at you.
You feel your power leaking away. The ghost moth closely misses you.
The ghost moth hits you.
* * * LOW HITPOINT WARNING * * *
You feel dopey. You block the ghost moth's attack. The crocodile bites you!
* * * LOW HITPOINT WARNING * * *
You sock the ghost moth!
The ghost moth is moderately wounded.
* * * LOW HITPOINT WARNING * * *
You feel extremely sick. You block the ghost moth's attack.
The ghost moth barely misses you. The ghost moth stings you.
You die...

#............##
#...........##
##.........##
#.........#
##.#.......##
............##
###.##.......#
## ######..##
#..y@.#
#......t.#
#.......#..#
.....#.#.#...
..##### # #..#
. #..# #..# ...


You could see a ghost moth (invisible) and a crocodile.

Vanquished Creatures
  A spiny frog (Lair:1)
  A rime drake (Lair:1)
  4 blink frogs (Lair:1)
  Sigmund (D:3)
  2 hippogriffs
  Menkaure (D:7)
  2 orc warriors (D:8)
  A porcupine (Lair:1)
  3 sky beasts
  An ice beast (D:5)
  4 ogres
  A phantom (D:8)
  2 centaurs (D:5)
  3 giant frogs
  2 gnoll sergeants
  A scorpion (D:8)
  A water moccasin skeleton (D:4)
  5 wights (D:7)
  2 howler monkeys
  2 crimson imps
  2 centaur zombies
  A giant frog zombie (D:7)
  A jelly (D:7)
  6 hounds
  A giant frog skeleton (D:8)
  3 orc priests
  3 orc wizards
  3 iguanas
  Natasha (thrice) (D:2)
  3 worker ants
  A hound zombie (D:5)
  2 hound skeletons
  A worker ant zombie (D:6)
  Robin (D:4)
  13 gnolls
  9 adders
  An ooze (D:2)
  An adder skeleton (D:8)
  A worm (D:6)
  4 dart slugs
  4 giant geckos
  15 orcs
  2 ball pythons
  7 giant cockroaches
  24 goblins
  9 hobgoblins
  2 jackals (D:8)
  6 kobolds
  2 quokkas
  11 bats
  A giant gecko skeleton (D:6)
  3 giant newts
  13 rats
199 creatures vanquished.

Notes
Turn   | Place    | Note
--------------------------------------------------------------
     0 | D:1      | magog001 the Troll Fighter began the quest for the Orb.
     0 | D:1      | Reached XP level 1. HP: 22/22 MP: 0/0
   238 | D:1      | Reached XP level 2. HP: 29/29 MP: 1/1
   715 | D:1      | Reached skill level 3 in Dodging
   904 | D:2      | Found a blossoming altar of Fedhas.
   911 | D:2      | Reached XP level 3. HP: 36/36 MP: 2/2
   946 | D:2      | Reached XP level 4. HP: 26/44 MP: 3/3
  1312 | D:2      | Noticed Natasha
  1321 | D:2      | Killed Natasha
  1497 | D:2      | Noticed Natasha
  1549 | D:2      | Killed Natasha
  1549 | D:2      | Reached XP level 5. HP: 20/53 MP: 4/4
  1632 | D:2      | Noticed Natasha
  1634 | D:2      | Found a stormy altar of Qazlal.
  1656 | D:2      | Killed Natasha
  1948 | D:2      | Found a glowing golden altar of the Shining One.
  2574 | D:3      | Noticed Sigmund
  2642 | D:3      | Killed Sigmund
  2642 | D:3      | Reached skill level 4 in Dodging
  2642 | D:3      | Reached XP level 6. HP: 56/61 MP: 5/5
  3122 | D:4      | Noticed Robin
  3159 | D:4      | Killed Robin
  3235 | D:4      | Reached XP level 7. HP: 50/68 MP: 6/6
  3273 | D:4      | Reached skill level 5 in Dodging
  3692 | D:5      | Entered Level 5 of the Dungeon
  3751 | D:5      | Found a staircase to the Ecumenical Temple.
  3801 | D:5      | Reached XP level 8. HP: 72/78 MP: 7/7
  3938 | D:5      | Gained mutation: You tend to lose your temper in combat. [mutagenic meat]
  3939 | D:5      | Gained mutation: Your flesh is cold resistant. [mutagenic meat]
  3940 | D:5      | Gained mutation: You have a pair of small antennae on your head. [mutagenic meat]
  3941 | D:5      | Lost mutation: You have a pair of small antennae on your head. [mutagenic meat]
  3942 | D:5      | Gained mutation: You possess an exceptional clarity of mind. [mutagenic meat]
  4267 | D:6      | Reached skill level 5 in Shields
  4462 | D:6      | Found a white marble altar of Elyvilon.
  4465 | D:6      | Found an iron altar of Okawaru.
  4795 | D:6      | Found a snail-covered altar of Cheibriados.
  4937 | D:7      | Reached skill level 6 in Dodging
  5143 | D:7      | Found a deep blue altar of Sif Muna.
  5170 | D:7      | Noticed Menkaure
  5175 | D:7      | Killed Menkaure
  5319 | D:7      | Reached skill level 1 in Stealth
  5321 | D:7      | Reached XP level 9. HP: 66/85 MP: 8/8
  5407 | D:7      | Got a fine flail
  5606 | D:7      | Reached skill level 5 in Fighting
  5697 | D:7      | Identified the +7 flail of Xuageih {holy, rElec MR+ Int+3 SInv} (You found it on level 7 of the Dungeon)
  5862 | D:8      | Found a shattered altar of Ashenzari.
  5918 | D:8      | Reached skill level 5 in Maces & Flails
  5957 | D:8      | Gained mutation: Scrolls take you a little longer to read. [mutagenic meat]
  5958 | D:8      | Gained mutation: Your muscles are strong. (Str +2) [mutagenic meat]
  6186 | D:8      | Found a staircase to the Lair.
  6289 | D:8      | Reached skill level 7 in Dodging
  6411 | D:8      | Got an ichor-stained rapier
  6412 | D:8      | Identified the +6 rapier of Greatest Utility {flame, rElec} (You found it on level 8 of the Dungeon)
  7027 | Lair:1   | Entered Level 1 of the Lair of Beasts
  7058 | Lair:1   | Noticed a rime drake
  7065 | Lair:1   | Killed a rime drake
  7138 | Lair:1   | Reached XP level 10. HP: 96/96 MP: 9/9
  7298 | Lair:1   | Noticed a spiny frog
  7306 | Lair:1   | Killed a spiny frog
  7354 | Lair:1   | You fall through a shaft!
  7413 | Lair:2   | Noticed a six-headed hydra
  7415 | Lair:2   | Noticed a ghost moth
  7415 | Lair:2   | a six-headed hydra changed into a ghost moth
  7424 | Lair:2   | HP: 4/98 [poisoned by a ghost moth]
  7424 | Lair:2   | Slain by a ghost moth

Skill      XL: |  1  2  3  4  5  6  7  8  9 |
---------------+----------------------------+-----
Dodging        | 3 4 5 6 7 |  7.6
Maces & Flails | 2 3 4 6 |  6.7
Fighting       | 3 4 5 |  5.9
Shields        | 3 4 5 6 |  6.9
Stealth        | 1 |  1.3
Unarmed Combat | |  0.4

Action                   |  1- 3 |  4- 6 |  7- 9 | 10-12 || total
-------------------------+-------+-------+-------+-------++-------
Melee: Flail             |   128 |    53 |   153 |    38 ||   372
       Unarmed           |       |    29 |       |       ||    29
       Dagger            |       |    56 |       |       ||    56
       Mace              |       |    74 |   265 |       ||   339
Evoke: Wand              |       |       |       |     1 ||     1
  Use: Scroll            |       |     9 |     9 |       ||    18
       Potion            |       |     5 |       |     2 ||     7
 Stab: Sleeping          |       |       |     2 |       ||     2
  Eat: Chunk             |     7 |    17 |    47 |     7 ||    78
       Meat ration       |       |     1 |       |       ||     1
Armor: Robe              |    60 |    71 |   207 |    18 ||   356
       Skin              |       |     8 |       |       ||     8
Dodge: Dodged            |    77 |    78 |   188 |    38 ||   381
Block: Shield            |    75 |   120 |   282 |    26 ||   503
